 Dungeon Crawl Stone Soup version 0.32-a0-119-g2e8054a (webtiles) character file.

Game seed: 961832804029059536

3 Dawnplanks the Trooper (level 1, -1/18 HPs)
             Began as a Demonspawn Fighter on Feb 6, 2024.
             Slain by a jackal (2 damage)
             ... on level 1 of the Dungeon.
             The game lasted 00:00:29 (48 turns).

Dawnplanks the Trooper (Demonspawn Fighter)           Turns: 48, Time: 00:00:30

Health: -1/18      AC:  6    Str: 16    XL:     1   Next: 41%
Magic:  1/1        EV:  8    Int:  8    God:
Gold:   0          SH:  4    Dex: 12    Spells: 0/0 levels left

rFire   . . .        a - +0 flail
rCold   . . .        c - +0 buckler
rNeg    . . .        b - +0 scale mail
rPois   .            (no helmet)
rElec   .            (no cloak)
rCorr   .            (no gloves)
SInv    .            (no boots)
Will    .....        (no amulet) Stlth
                     (no ring)
HPRegen 0.23/turn    (no ring)
MPRegen 0.07/turn

%: no passive effects
@: mighty
A: no striking features
a: no special abilities


You were on level 1 of the Dungeon.
You visited 1 branch of the dungeon, and saw 1 of its levels.

Inventory:

Hand Weapons
 a - a +0 flail (weapon)
Armour
 b - a +0 scale mail (worn)
 c - a +0 buckler (worn)
Scrolls
 e - a scroll of silence {unknown}


   Skills:
 + Level 3.0 Fighting
 + Level 1.8 Maces & Flails
 + Level 2.7 Armour
 + Level 2.7 Shields


You couldn't memorise any spells.
You didn't know any spells.
Your spell library was empty.

Dungeon Overview and Level Annotations

Branches:
Dungeon (1/15)

Altars:


Message History

You barely miss the goblin.
The goblin is moderately wounded.
The jackal completely misses you. You block the jackal's attack.
The hobgoblin hits you but does no damage.
The goblin closely misses you. The jackal closely misses you. x2
The hobgoblin closely misses you. The goblin closely misses you.
You barely miss the goblin. The jackal barely misses you.
The jackal completely misses you. The hobgoblin barely misses you.
You block the goblin's attack.
The jackal bites you but does no damage.
You block the jackal's attack.
You closely miss the goblin. The jackal barely misses you.
The jackal closely misses you. The hobgoblin completely misses you.
You block the goblin's attack. You block the jackal's attack.
The jackal bites you but does no damage.
You closely miss the goblin. The hobgoblin hits you.
The goblin hits you with a +0 dagger.
The jackal bites you but does no damage. x2
The hobgoblin closely misses you.
The endoplasm jiggles.
You block the goblin's attack. The jackal bites you.
You block the jackal's attack.
You barely miss the goblin. You block the jackal's attack.
The jackal bites you but does no damage.
The hobgoblin hits you but does no damage.
The goblin hits you but does no damage.
You thump the goblin!
You kill the goblin!
The jackal bites you but does no damage.
The jackal barely misses you. The hobgoblin hits you.
* * * LOW HITPOINT WARNING * * *
The jackal bites you but does no damage.
The jackal closely misses you. The jackal bites you.
* * * LOW HITPOINT WARNING * * *
Things that are here:
a +0 dagger; a goblin corpse You feel very mighty all of a sudden.
The jackal bites you.
You die...

+.# .. .. ####.#
#.### .....#.
.... ....... ..#
.....# #.# .:...#
#######.##h....#.
........@hgh.....
#######.##hJ$....
.........#
###.... ........#
..# ####PPPP...#
# #<.#...P...#
#..#...P...#
#..#.♣.P...#
#'##)..P...###


You could see an endoplasm, 4 jackals and a hobgoblin.

Vanquished Creatures
  A ball python (D:1)
  A goblin (D:1)
  A rat (D:1)
3 creatures vanquished.

Notes
Turn   | Place    | Note
-------+----------+-------------------------------------------
     0 | D:1      | Dawnplanks the Demonspawn Fighter began the quest for the
                  | Orb.
     0 | D:1      | Reached XP level 1. HP: 18/18 MP: 1/1
    48 | D:1      | Slain by a jackal

Illustrated notes

Levels and vault maps discovered:
D:1:      evilmike_arrival_home_sweet_home, layout_basic,
          chequers_serial_rivers_small_3, minmay_heptomino_d4

Action                     || total
---------------------------++-------
  Melee: Flail             ||    17
    Use: Potion            ||     1
 Armour: Scale mail        ||    40
  Dodge: Dodged            ||    35
  Block: Buckler           ||    16

Table legend: (Time is in decaauts)
 A = Elapsed time spent in this place.
 B = Non-inter-level travel time spent in this place.
 C = Inter-level travel time spent in this place.
 D = Time resting spent in this place.
 E = Time spent auto-exploring this place.
 F = Levels seen in this place.
 G = Mean time per level.
                   A        B        C        D        E       F      G
               +--------+--------+--------+--------+--------+-----+--------+
         Total |     53 |     53 |      0 |      0 |     23 |   1 |   53.0 |
       Dungeon |     53 |     53 |      0 |      0 |     23 |   1 |   53.0 |
               +--------+--------+--------+--------+--------+-----+--------+

Top non-repeatable levels by time:
     D:1: 53 daAuts
